 Dungeon Crawl Stone Soup version 0.28.0-53-g5a82cb258f (webtiles) character file.

Game seed: 6383513323329522644

1717 Duralumin the Cleaver (level 9, 0/56 (64) HPs)
             Began as a Formicid Fighter on Aug 21, 2022.
             Slain by a wight
             ... wielding a +2 great sword of freezing
              (8 damage)
             ... on level 5 of the Dungeon.
             The game lasted 00:13:42 (6332 turns).

Duralumin the Cleaver (Formicid Fighter)            Turns: 6332, Time: 00:13:42

HP:   0/56 (64)     AC: 11    Str: 23 (24) XL:     9   Next: 24%
MP:   8/8           EV: 10    Int:  7 (9)  God:
Gold: 213           SH:  4    Dex:  7 (10) Spells: 8/8 levels left

rFire   . . .      SeeInvis +   a - +0 war axe
rCold   . . .      Faith    .   c - +0 buckler
rNeg    . . .      Spirit   .   f - +0 plate armour
rPois   .          Reflect  .   (helmet unavailable)
rElec   .          Harm     .   (no cloak)
rCorr   .          Rampage  .   (no gloves)
Will    .....                   (no boots)
Stlth   ..........              (no amulet)
HPRegen 0.18/turn               o - ring of flight
MPRegen 0.11/turn               e - +4 ring of evasion

@: flying, heavily drained
A: permanent stasis, dig shafts and tunnels, antennae 3, four strong arms, low
MP 1, wild magic 1
a: Dig, Shaft Self


You were on level 5 of the Dungeon.
You visited 1 branch of the dungeon, and saw 5 of its levels.

You collected 213 gold pieces.

Inventory:

Hand Weapons
 a - a +0 war axe (weapon)
 i - a +0 halberd
 k - a +0 whip
 l - the +3 hunting sling of Accord {flame, rC+ Int+3}
   (You found it on level 4 of the Dungeon)

   Any ammunition fired from it burns those it strikes, dealing additional fire
   damage.
   Int:       It affects your intelligence (+3).
   rC:        It protects you from cold.
 s - a +3 falchion of draining
 u - a +5 dire flail
 y - a +1 mace of pain
Missiles
 h - 7 poisoned darts
Armour
 b - a +0 scale mail
 c - a +0 buckler (worn)
 d - a +0 leather armour of fire resistance
 f - a +0 plate armour (worn)
Jewellery
 e - a +4 ring of evasion (right hand)
 o - a ring of flight (left hand)
 t - a ring of resist corrosion
Wands
 g - a wand of flame (41)
Scrolls
 m - a scroll of blinking
 n - a scroll of enchant armour {unknown}
 p - a scroll of vulnerability {unknown}
 q - a scroll of silence
 r - a scroll of magic mapping {unknown}
 v - a scroll of amnesia {unknown}
 x - a scroll of identify
Potions
 j - a potion of might


   Skills:
 - Level 3.3 Fighting
 + Level 11.4 Axes
 - Level 3.3 Armour
 - Level 3.6 Shields


You had 8 spell levels left.
You didn't know any spells.
Your spell library was empty.

Dungeon Overview and Level Annotations

Branches:
Dungeon (5/15)
 Temple: D:4-7

Altars:
Dithmenos
Nemelex Xobeh
Qazlal
Vehumet


Innate Abilities, Weirdness & Mutations

You cannot be hasted, slowed, berserked, paralysed or teleported.
You can dig through walls and to a lower floor.
You have a pair of large antennae on your head. (SInv)
Your four strong arms can wield two-handed weapons with a shield.
Your magical capacity is low. (-10% MP)
Your spells are a little harder to cast, but a little more powerful.


Message History

You barely miss the wight. You block the wight's attack.
You barely miss the wight. The wight barely misses you.
You slash the wight!
The wight is severely damaged.
You block the wight's attack.
You barely miss the wight.
The wight is severely damaged.
The wight hits you but does no damage.
You slash the wight!
You destroy the wight!
You slash the wight!
The wight is heavily damaged.
The wight hits you with a +2 great sword of freezing.
You feel drained. The wight freezes you.
You completely miss the wight.
The wight is heavily damaged.
The wight closely misses you.
You barely miss the wight.
The wight is heavily damaged.
The wight hits you with a +2 great sword of freezing!!
You feel drained. The wight freezes you!
Press: ? - help, v - describe, . - travel
Here: a wight, wielding a +2 great sword of freezing and wearing a +0 robe (heavily damaged)
The floor, spattered with blood.
It was a potion of magic.
Magic courses through your body. The wight hits you but does no damage.
It was a potion of degeneration.
There was something very wrong with that liquid.
You feel weakened.
You feel dopey.
You feel clumsy.
You closely miss the wight.
The wight is heavily damaged.
You block the wight's attack.
A wight comes into view. It is wielding a +1 battleaxe.
Things that are here:
a +5 dire flail; a +0 robe
u - a +5 dire flail The wight hits you with a +2 great sword of freezing!
* * * LOW HITPOINT WARNING * * *
You feel drained.
You die...

..........##.# ......
.##.####..##.#### ......
................. ......
.#..#####.##.######......
.#..#####>..............
.#..................######
.#..#####.......z.........
.#............####z.###.#
................@zz.......
.##.#.....##..####........
..........................
###.......................
###.##........##.#........
..........................
###.##.##.##.###..........
#.##.##.##.# #.........
#.##.##.##.# #...####...


You could see 3 wights.

Vanquished Creatures
  Sigmund (D:2)
  Eustachio (D:4)
  A water moccasin (D:5)
  2 black bears (D:5)
  3 ogres
  A phantom (D:4)
  Blork the orc (D:5)
  A bullfrog (D:5)
  A wyvern zombie (D:5)
  2 scorpions
  A wight (D:5)
  A centaur zombie (D:5)
  A hound (D:4)
  An orc priest (D:4)
  Terence (D:3)
  Jessica (D:2)
  An orc wizard (D:4)
  Natasha (thrice) (D:2)
  A hound skeleton (D:4)
  5 gnolls
  5 adders
  An adder skeleton (D:4)
  3 worms
  15 orcs
  8 ball pythons
  7 endoplasms
  12 goblins
  6 hobgoblins
  3 jackals (D:3)
  2 quokkas
  7 bats
  A frilled lizard (D:1)
  8 kobolds
  7 rats
115 creatures vanquished.

Notes
Turn   | Place    | Note
-------+----------+-------------------------------------------
     0 | D:1      | Duralumin the Formicid Fighter began the quest for the Orb.
     0 | D:1      | Reached XP level 1. HP: 18/18 MP: 1/1
   155 | D:1      | Reached XP level 2. HP: 24/24 MP: 2/2
   370 | D:1      | Reached skill level 3 in Axes
   500 | D:1      | Reached XP level 3. HP: 29/29 MP: 3/3
   960 | D:2      | Noticed Natasha
   967 | D:2      | Killed Natasha
   968 | D:2      | Reached skill level 4 in Axes
   968 | D:2      | Reached XP level 4. HP: 27/35 MP: 4/4
  1051 | D:2      | Noticed Jessica
  1060 | D:2      | Killed Jessica
  1192 | D:2      | Noticed Natasha
  1198 | D:2      | Killed Natasha
  1199 | D:2      | Reached XP level 5. HP: 35/41 MP: 5/5
  1307 | D:2      | Noticed Natasha
  1316 | D:2      | Killed Natasha
  1317 | D:2      | Reached skill level 5 in Axes
  2182 | D:2      | Noticed Sigmund
  2242 | D:2      | Killed Sigmund
  2243 | D:2      | Reached skill level 6 in Axes
  2243 | D:2      | Reached XP level 6. HP: 24/47 MP: 6/6
  2656 | D:3      | Found a faded altar of an unknown god.
  2783 | D:3      | Found a sparkling altar of Nemelex Xobeh.
  3132 | D:3      | Noticed Terence
  3139 | D:3      | Killed Terence
  3140 | D:3      | Reached skill level 7 in Axes
  3140 | D:3      | Reached XP level 7. HP: 48/52 MP: 7/7
  3424 | D:3      | Found a stormy altar of Qazlal.
  3705 | D:4      | Identified the +3 hunting sling of Accord {flame, rC+
                  | Int+3}
  3731 | D:4      | Found a shadowy altar of Dithmenos.
  3766 | D:4      | Gained mutation: Your spells are a little harder to cast,
                  | but a little more powerful. [potion of mutation]
  3766 | D:4      | Gained mutation: Your magical capacity is low. (-10% MP)
                  | [potion of mutation]
  4041 | D:4      | Reached skill level 8 in Axes
  4586 | D:4      | Reached XP level 8. HP: 42/58 MP: 7/7
  4694 | D:4      | Noticed Eustachio
  4760 | D:4      | Killed Eustachio
  4761 | D:4      | Reached skill level 9 in Axes
  5313 | D:4      | Found a radiant altar of Vehumet.
  5456 | D:5      | Entered Level 5 of the Dungeon
  5534 | D:5      | Reached skill level 10 in Axes
  6036 | D:5      | Reached XP level 9. HP: 54/64 MP: 8/8
  6044 | D:5      | Reached skill level 11 in Axes
  6193 | D:5      | Noticed Blork the orc
  6203 | D:5      | Killed Blork the orc
  6332 | D:5      | Slain by a wight

Illustrated notes

Levels and vault maps discovered:
D:1:      lightli_arrival_noodles, layout_loops_ring
D:2:      layout_loops_corners, uniq_natasha, uniq_sigmund, uniq_jessica
D:3:      layout_loops_ring, nemelex_diamond_rough_becter, marbit_many_paths,
          nicolae_ecumenical_oubliette, solitary_fountain, uniq_terence
D:4:      minmay_razor_zed, layout_loops_ring,
          grunt_dithmenos_smoke_and_mirrors, nicolae_vehumet_altar_sigil,
          feat_on_display, uniq_eustachio
D:5:      layout_basic, uniq_blork_the_orc

Skill      XL: |  1  2  3  4  5  6  7  8  9 |
---------------+----------------------------+-----
Axes           | 3 4 6 7 8 10 11 | 11.4
Fighting       | |  3.3
Armour         | |  3.3
Shields        | |  3.6

Action                   |  1- 3 |  4- 6 |  7- 9 || total
-------------------------+-------+-------+-------++-------
Melee: War axe           |    61 |    98 |   273 ||   432
 Abil: Dig               |       |     1 |       ||     1
  Use: Potion            |       |     3 |     5 ||     8
       Scroll            |       |     2 |     1 ||     3
Armor: Scale mail        |    23 |    16 |       ||    39
       Skin              |       |    12 |       ||    12
       Plate armour      |       |    14 |   139 ||   153
Dodge: Dodged            |    31 |    32 |    92 ||   155
Block: Buckler           |     8 |    32 |    44 ||    84
